 Dungeon Crawl Stone Soup version 0.22-a0-282-gdd34a7d (webtiles) character file.

2888 neds the Magician (level 9, 0/66 HPs)
             Began as a Gnoll Fire Elementalist on Mar 17, 2018.
             Was an Initiate of Okawaru.
             Succumbed to a soldier ant's poison
             ... on level 7 of the Dungeon.
             The game lasted 01:16:02 (17509 turns).

neds the Magician (Gnoll Fire Elementalist)        Turns: 17509, Time: 01:16:03

Health: 0/66       AC: 21    Str: 14    XL:     9   Next: 77%
Magic:  19/19      EV: 14    Int: 17    God:    Okawaru [......]
Gold:   249        SH:  0    Dex: 21    Spells: 20/21 levels left

rFire    . . .     SeeInvis .   H - +0 mace (protect)
rCold    . . .     Gourm    .   (no shield)
rNeg     . . .     Faith    .   n - +1 chain mail {MR+}
rPois    .         Spirit   .   v - +0 helmet
rElec    .         Reflect  .   (no cloak)
rCorr    .         Harm     .   s - +2 pair of gloves
MR       +....                  (no boots)
Stlth    +.........             (no amulet)
HPRegen  0.21/turn              (no ring)
MPRegen  0.16/turn              (no ring)

@: agile, lethally poisoned (0 -> -7), protection aura, drained
A: distributed training, fangs 1, strong nose
a: Renounce Religion


You were on level 7 of the Dungeon.
You worshipped Okawaru.
Okawaru was noncommittal.
You were hungry.

You visited 2 branches of the dungeon, and saw 9 of its levels.

You collected 418 gold pieces.
You spent 169 gold pieces at shops.

Inventory:

Hand Weapons
 e - a +0 short sword
 w - a +0 long sword
 y - a cursed +0 whip
 B - a +0 flail
 E - a +0 hunting sling
 H - a +0 mace of protection (weapon)
 Q - a +1 shortbow of velocity
 R - a +0 flail of protection
 T - a cursed +0 war axe
Missiles
 b - 203 arrows (quivered)
 k - 281 stones
 p - 52 poisoned needles
Armour
 a - a +0 robe
 d - a +0 ring mail
 j - a +0 leather armour
 n - a +1 chain mail of magic resistance (worn)
 s - a +2 pair of gloves (worn)
 v - a +0 helmet (worn)
 L - a +0 pair of gloves
 S - a cursed +0 robe
Magical Staves
 i - an uncursed staff of summoning {unknown}
 U - an uncursed staff of earth {unknown}
Jewellery
 C - an uncursed ring of protection from fire {unknown}
 P - a +3 amulet of reflection {unknown}
Wands
 G - a wand of polymorph (10)
 V - a wand of enslavement (12)
Scrolls
 l - a scroll of enchant armour {unknown}
 m - a scroll of random uselessness {unknown}
 t - 6 scrolls of amnesia
 x - 2 scrolls of enchant weapon
 D - a scroll of fear {unknown}
 F - a scroll of noise {unknown}
 J - a scroll of magic mapping {unknown}
 K - 2 scrolls of silence
 M - 3 scrolls of teleportation
 O - a scroll of remove curse {unknown}
Potions
 f - a potion of brilliance {unknown}
 g - a potion of might {unknown}
 h - a potion of resistance
 o - a potion of lignification {unknown}
 q - a potion of ambrosia
 r - 2 potions of degeneration
 u - a potion of magic {unknown}
 A - 2 potions of flight {unknown}
 I - a potion of mutation {unknown}
Comestibles
 c - 4 rations


   Skills:
 + Level 4.5(3.3) Fighting
 + Level 4.5(3.3) Short Blades
 + Level 4.5(3.3) Long Blades
 + Level 4.5(3.3) Axes
 + Level 4.5(3.3) Maces & Flails
 + Level 4.5(3.3) Polearms
 + Level 4.5(3.3) Staves
 + Level 4.5(3.3) Slings
 + Level 4.5(3.3) Bows
 + Level 4.5(3.3) Crossbows
 + Level 4.5(3.3) Throwing
 + Level 4.5(3.3) Armour
 + Level 6.5(5.3) Dodging
 + Level 6.2(5.0) Stealth
 + Level 4.5(3.3) Shields
 + Level 4.5(3.3) Unarmed Combat
 + Level 6.8(5.6) Spellcasting
 + Level 4.3(3.2) Conjurations
 + Level 3.7(2.6) Hexes
 + Level 3.7(2.6) Charms
 + Level 3.7(2.6) Summonings
 + Level 3.7(2.6) Necromancy
 + Level 3.7(2.6) Translocations
 + Level 3.7(2.6) Transmutations
 + Level 6.6(5.4) Fire Magic
 + Level 3.7(2.6) Ice Magic
 + Level 3.7(2.6) Air Magic
 + Level 3.7(2.6) Earth Magic
 + Level 3.7(2.6) Poison Magic
 + Level 4.9(3.8) Invocations
 + Level 4.5(3.3) Evocations


You had 20 spell levels left.
You knew the following spells:

 Your Spells              Type           Power        Failure   Level  Hunger
a - Flame Tongue          Conj/Fire      ###..        47%         1    None


Dungeon Overview and Level Annotations

Branches:
Dungeon (8/15)             Temple (1/1) D:7
   Lair: D:8-11

Altars:
Ashenzari
Cheibriados
Dithmenos
Elyvilon
Hepliaklqana
Kikubaaqudgha
Makhleb
Okawaru
Ru
Sif Muna
Uskayaw
Vehumet
Wu Jian
Xom
Yredelemnul
Zin
The Shining One

Shops:
D:4 !

Annotations:
D:3 Eustachio
D:8 Gastronok


Innate Abilities, Weirdness & Mutations

Your experience applies equally to all skills.
You have very sharp teeth.
Your uncanny sense of smell can sniff out nearby items.


Message History

The soldier ant is severely wounded.
* * * LOW HITPOINT WARNING * * *
You feel sick. The soldier ant barely misses you.
You closely miss the soldier ant.
You bite the soldier ant, but do no damage.
The soldier ant is severely wounded.
* * * LOW HITPOINT WARNING * * *
You feel sick. The soldier ant closely misses you. The soldier ant stings you!
* * * LOW HITPOINT WARNING * * *
You hit the soldier ant but do no damage.
The soldier ant is severely wounded.
* * * LOW HITPOINT WARNING * * *
You feel sick. The soldier ant misses you.
You hit the soldier ant but do no damage.
The soldier ant is heavily wounded.
* * * LOW HITPOINT WARNING * * *
You feel sick. The soldier ant completely misses you.
You hit the soldier ant but do no damage.
The soldier ant is heavily wounded.
You die...

.....##.##.##.##.#..#.##.########
####.##.........(...............#
#.#####.###.#.#.##.##.########
#.# #.# #.#.#.##.##.# #.# #.#
#.#.#a##.##.# ####.### #.#
#.#.#.##.##.# .......###.#
#.#.#.##.##.# ...........#
#.#a#.##.##.#
####'#####.###.#@#.##.##.########
........##.......................
........##'####..#..........#####
................>.............#
...............).#..........#.##
########.........#...#######8.8##
#### #.........'...#...........
...# #a........#...#...........
..## #...).....#.###ยง..........


You could see a soldier ant.

Vanquished Creatures
  A hippogriff (D:8)
  Sigmund (D:4)
  A hungry ghost (D:6)
  2 water moccasins
  4 sky beasts
  7 centaurs
  3 bullfrogs
  3 scorpions
  3 killer bees (D:6)
  A howler monkey (D:5)
  4 crimson imps (D:7)
  A bullfrog zombie (D:5)
  A hound (D:4)
  4 orc priests
  A centaur skeleton (D:4)
  3 orc wizards
  3 worker ants
  A hound zombie (D:6)
  A hound skeleton (D:6)
  4 gnolls
  4 adders
  2 shadow imps
  An ooze (D:2)
  An adder zombie (D:8)
  2 worms (D:2)
  An adder skeleton (D:4)
  12 dart slugs
  5 leopard geckos
  27 orcs
  A ball python (D:4)
  6 giant cockroaches
  7 goblins
  8 hobgoblins
  12 jackals
  9 kobolds
  4 quokkas
  8 bats
  6 frilled lizards
  A quokka zombie (D:6)
  4 rats
170 creatures vanquished.

Vanquished Creatures (others)
  A big kobold (D:7)
  2 kobolds (D:7)
3 creatures vanquished.

Grand Total: 173 creatures vanquished

Notes
Turn   | Place    | Note
-------+----------+-------------------------------------------
     0 | D:1      | neds the Gnoll Fire Elementalist began the quest for the Orb.
     0 | D:1      | Reached XP level 1. HP: 13/13 MP: 6/6
   179 | D:1      | Noticed a salamander
   179 | D:1      | Noticed a black bear
   179 | D:1      | Noticed a wolf
   179 | D:1      | Noticed a swamp worm
   179 | D:1      | Noticed a worker ant
   372 | D:1      | Reached XP level 2. HP: 19/19 MP: 7/7
  1304 | D:2      | Reached skill level 5 in Spellcasting
  1304 | D:2      | Reached XP level 3. HP: 3/25 MP: 7/9
  1975 | D:2      | Reached skill level 1 in Invocations
  2596 | D:2      | Reached skill level 1 in Fighting
  2596 | D:2      | Reached skill level 1 in Short Blades
  2596 | D:2      | Reached skill level 1 in Long Blades
  2596 | D:2      | Reached skill level 1 in Axes
  2596 | D:2      | Reached skill level 1 in Maces & Flails
  2596 | D:2      | Reached skill level 1 in Polearms
  2596 | D:2      | Reached skill level 1 in Staves
  2596 | D:2      | Reached skill level 1 in Slings
  2596 | D:2      | Reached skill level 1 in Bows
  2596 | D:2      | Reached skill level 1 in Crossbows
  2596 | D:2      | Reached skill level 1 in Throwing
  2596 | D:2      | Reached skill level 1 in Armour
  2596 | D:2      | Reached skill level 1 in Shields
  2596 | D:2      | Reached skill level 1 in Unarmed Combat
  2596 | D:2      | Reached skill level 1 in Evocations
  2942 | D:2      | Reached XP level 4. HP: 29/32 MP: 11/11
  3601 | D:2      | Reached skill level 1 in Hexes
  3601 | D:2      | Reached skill level 1 in Charms
  3601 | D:2      | Reached skill level 1 in Summonings
  3601 | D:2      | Reached skill level 1 in Necromancy
  3601 | D:2      | Reached skill level 1 in Translocations
  3601 | D:2      | Reached skill level 1 in Transmutations
  3601 | D:2      | Reached skill level 1 in Ice Magic
  3601 | D:2      | Reached skill level 1 in Air Magic
  3601 | D:2      | Reached skill level 1 in Earth Magic
  3601 | D:2      | Reached skill level 1 in Poison Magic
  3871 | D:3      | Reached XP level 5. HP: 37/37 MP: 12/12
  4080 | D:3      | Found a glowing silver altar of Zin.
  5005 | D:3      | Found a deep blue altar of Sif Muna.
  5471 | D:4      | Reached XP level 6. HP: 39/44 MP: 13/13
  5628 | D:4      | Found a sacrificial altar of Ru.
  5640 | D:4      | Noticed Eustachio
  5773 | D:4      | Noticed Sigmund
  6067 | D:4      | Found a hazy altar of Hepliaklqana.
  6145 | D:4      | Found a white marble altar of Elyvilon.
  6204 | D:4      | Reached skill level 5 in Dodging
  6295 | D:4      | Noticed a sky beast
  6359 | D:4      | Killed a sky beast
  6675 | D:4      | Found Pochit's Distillery.
  6684 | D:4      | Bought a potion of degeneration for 13 gold pieces
  6684 | D:4      | Bought a potion of curing for 39 gold pieces
  6684 | D:4      | Bought a potion of agility for 52 gold pieces
  6684 | D:4      | Bought a potion of heal wounds for 65 gold pieces
  6789 | D:5      | Entered Level 5 of the Dungeon
  6908 | D:5      | Reached XP level 7. HP: 37/50 MP: 15/15
  7047 | D:5      | You fall through a shaft for 3 floors!
  7100 | D:7      | Noticed a gargoyle
  7354 | D:6      | Found an ornate altar of the Wu Jian Council.
  7856 | D:6      | Reached skill level 5 in Stealth
  8130 | D:6      | Reached XP level 8. HP: 33/57 MP: 16/16
 11421 | D:6      | Reached XP level 9. HP: 62/65 MP: 18/18
 12675 | D:4      | Killed Sigmund
 13078 | D:7      | Identified the Almanac of Weightlessness and Clay
 13623 | D:7      | Found a staircase to the Ecumenical Temple.
 13632 | Temple   | Entered the Ecumenical Temple
 13646 | Temple   | Became a worshipper of Warmaster Okawaru
 13983 | D:7      | Found a shimmering altar of Xom.
 13983 | D:7      | Found a burning altar of Makhleb.
 13998 | D:7      | Paralysed by a crimson imp for 2 turns
 15338 | D:8      | Found a sacrificial altar of Ru.
 15753 | D:8      | Found a shadowy altar of Dithmenos.
 15754 | D:8      | Found a shattered altar of Ashenzari.
 15756 | D:8      | Found a radiant altar of Vehumet.
 15776 | D:8      | Noticed Gastronok
 15930 | D:8      | Reached * piety under Okawaru
 16084 | D:8      | Noticed a two-headed ogre
 16442 | D:8      | Noticed a troll
 17087 | D:7      | HP: 3/66 [poisoned by a soldier ant]
 17507 | D:7      | HP: 3/66 [poisoned by a soldier ant]
 17508 | D:7      | HP: 1/66 [poisoned by a soldier ant]
 17509 | D:7      | Succumbed to a soldier ant's poison

Vault maps used:
D:1:      onia_arrival_zoo_common
D:3:      zin_treasury, first_ration, st_stairs_14, lemuel_blue_sif_altar
D:4:      nicolae_ru_awakened_eye, kennysheep_mini_moat, serial_shops,
          nicolae_shop_trees, minmay_ruined_shrine, uniq_sigmund, uniq_eustachio
D:5:      kennysheep_slugbush
D:6:      nicolae_whirlpool, kennysheep_mini
D:7:      grunt_temple_overflow_champion_of_chaos, lemuel_temple_firewalk_b
D:8:      minitemple, basic_altar, hangedman_pestilent_swarm, uniq_gastronok
Temple:   dshaligram_water_room_temple

Skill      XL: |  1  2  3  4  5  6  7  8  9 |
---------------+----------------------------+-----
Conjurations   | 2 3 4 |  4.3
Spellcasting   | 5 6 |  6.8
Invocations    | 1 2 3 4 |  4.9
Fighting       | 1 2 3 4 |  4.5
Short Blades   | 1 2 3 4 |  4.5
Long Blades    | 1 2 3 4 |  4.5
Axes           | 1 2 3 4 |  4.5
Maces & Flails | 1 2 3 4 |  4.5
Polearms       | 1 2 3 4 |  4.5
Staves         | 1 2 3 4 |  4.5
Slings         | 1 2 3 4 |  4.5
Bows           | 1 2 3 4 |  4.5
Crossbows      | 1 2 3 4 |  4.5
Throwing       | 1 2 3 4 |  4.5
Armour         | 1 2 3 4 |  4.5
Shields        | 1 2 3 4 |  4.5
Unarmed Combat | 1 2 3 4 |  4.5
Evocations     | 1 2 3 4 |  4.5
Hexes          | 1 2 3 |  3.7
Charms         | 1 2 3 |  3.7
Summonings     | 1 2 3 |  3.7
Necromancy     | 1 2 3 |  3.7
Translocations | 1 2 3 |  3.7
Transmutations | 1 2 3 |  3.7
Ice Magic      | 1 2 3 |  3.7
Air Magic      | 1 2 3 |  3.7
Earth Magic    | 1 2 3 |  3.7
Poison Magic   | 1 2 3 |  3.7
Dodging        | 5 6 |  6.5
Stealth        | 5 6 |  6.2
Fire Magic     | 6 |  6.6

Action                   |  1- 3 |  4- 6 |  7- 9 || total
-------------------------+-------+-------+-------++-------
Melee: Unarmed           |     9 |       |       ||     9
       Short sword       |   181 |   279 |       ||   460
       Bite              |    17 |    33 |    95 ||   145
       Punch             |       |     1 |     6 ||     7
       Mace              |       |    71 |   705 ||   776
 Fire: Shortbow          |       |       |    88 ||    88
Throw: Stone             |     4 |     9 |     3 ||    16
 Cast: Flame Tongue      |     3 |       |       ||     3
Evoke: Wand              |       |     1 |    15 ||    16
  Use: Scroll            |       |     4 |     6 ||    10
       Potion            |       |       |     9 ||     9
 Stab: Sleeping          |     2 |       |       ||     2
  Eat: Chunk             |     6 |    10 |    12 ||    28
       Ration            |       |     1 |     7 ||     8
Armor: Robe              |    11 |       |       ||    11
       Chain mail        |   124 |   256 |   714 ||  1094
Dodge: Dodged            |    76 |   115 |   388 ||   579

Table legend:
 A = Spawn XP
 B = Non-spawn XP
 C = Spawn XP percentage of total XP
 D = Spawn monster count
 E = Non-spawn monster count
 F = Spawn count percentage of total count
 G = Total turns spent on level
                    A         B        C        D         E        F      G
               +---------+---------+-------+---------+---------+-------+---------
         Total |       0 |    4127 |   0.0 |       0 |     170 |   0.0 | 17509
               +---------+---------+-------+---------+---------+-------+---------
           D:1 |       0 |      24 |   0.0 |       0 |      14 |   0.0 |  1211
           D:2 |       0 |     147 |   0.0 |       0 |      26 |   0.0 |  2738
           D:3 |       0 |     139 |   0.0 |       0 |      28 |   0.0 |  1611
           D:4 |       0 |     472 |   0.0 |       0 |      15 |   0.0 |  1775
           D:5 |       0 |     630 |   0.0 |       0 |      25 |   0.0 |  2732
           D:6 |       0 |    1592 |   0.0 |       0 |      33 |   0.0 |  2953
           D:7 |       0 |     579 |   0.0 |       0 |      17 |   0.0 |  2002
           D:8 |       0 |     544 |   0.0 |       0 |      12 |   0.0 |  2459
               +---------+---------+-------+---------+---------+-------+---------
